 Dungeon Crawl Stone Soup version 0.17-a0-1642-gd4b747b (webtiles) character file.

60 karlkraus the Shield-Bearer (level 3, -1/33 HPs)
             Began as a Minotaur Fighter on Aug 9, 2015.
             Slain by a gnoll
             ... wielding a +0 halberd
              (9 damage)
             ... on level 2 of the Dungeon.
             The game lasted 00:01:49 (855 turns).

karlkraus the Shield-Bearer (Minotaur Fighter)       Turns: 855, Time: 00:01:49

Health: -1/33      AC:  7    Str: 20    XL:     3   Next: 82%
Magic:  2/2        EV:  8    Int:  5    God:
Gold:   82         SH:  9    Dex: 10    Spells: 0 memorised, 2 levels left

rFire  . . .     SeeInvis .     a - +0 flail
rCold  . . .     Clarity  .     b - +0 scale mail
rNeg   . . .     SustAt   .     c - +0 shield
rPois  .         Gourm    .     (helmet restricted)
rElec  .         Spirit   .     (no cloak)
rCorr  .         Warding  .     (no gloves)
rMut   .         Stasis   .     (no boots)
MR     .....                    (no amulet)
Stlth  ..........               (no ring)
                                (no ring)

@: slowed, very slow, not resistant to hostile enchantments, extremely
unstealthy
A: retaliatory headbutt, horns 2
a: no special abilities


You were on level 2 of the Dungeon.
You were not hungry.

You visited 1 branch of the dungeon, and saw 2 of its levels.

You collected 82 gold pieces.

Inventory:

Hand weapons
 a - a +0 flail (weapon)
Armour
 b - a +0 scale mail (worn)
 c - a +0 shield (worn)
Jewellery
 j - an uncursed ring of protection from cold {unknown}
Scrolls
 f - a scroll of noise {unknown}
 i - a scroll of teleportation {unknown}
 k - 4 scrolls of identify {unknown}
 l - a scroll of fog {unknown}
 m - 2 scrolls of remove curse {unknown}
 p - a scroll of amnesia {unknown}
 q - a scroll of fear {unknown}
 r - a scroll of recharging {unknown}
Potions
 d - a potion of might
 g - 2 potions of haste {unknown}
 n - a potion of curing {unknown}
Comestibles
 e - a bread ration
 h - 2 meat rations
 o - 4 chunks of flesh


   Skills:
 + Level 4.2 Fighting
 + Level 2.8 Maces & Flails
 + Level 4.1 Armour
 + Level 1.3 Dodging
 + Level 4.3 Shields


You had 2 spell levels left.
You didn't know any spells.

Dungeon Overview and Level Annotations

Branches:
Dungeon (2/15)

Altars:
Cheibriados


Innate Abilities, Weirdness & Mutations

You reflexively headbutt those who attack you in melee.
You have a pair of horns on your head.


Message History

The gnoll zaps a wand.
You resist with significant effort. The gnoll hits you with a halberd!
The hobgoblin barely misses you. The hobgoblin closely misses you. x2
The gnoll hits you with a halberd.
You barely miss the gnoll. Your headbutt misses the gnoll.
The hobgoblin hits you.
* * * LOW HITPOINT WARNING * * *
The gnoll zaps a wand.
You resist with significant effort. The hobgoblin barely misses you.
You furiously retaliate!
You headbutt the hobgoblin. You block the gnoll's attack.
The hobgoblin hits you but does no damage. x2
You hit the gnoll. Your headbutt misses the gnoll.
The gnoll is moderately wounded.
The gnoll hits you with a halberd.
* * * LOW HITPOINT WARNING * * *
The gnoll zaps a wand.
You resist with significant effort. You block the hobgoblin's attack.
The hobgoblin barely misses you. You furiously retaliate!
You headbutt the hobgoblin. The gnoll hits you with a halberd!
You die...

... ..####### #.#.....#
#.#.._..# #.#.ggg.#
#.#.g@..# #.# #†###'####
..# #.# #....# ... #.#
#....# ##.# #.#
#....##...#
###.###........#
#####..(........#.######
#......(###......†......
#......(# #####.#.######


You could see 2 gnolls and 2 hobgoblins.

Vanquished Creatures
  Robin (D:2)
  An ooze (D:1)
  A ball python (D:1)
  3 bats
  4 giant cockroaches
  9 goblins
  7 hobgoblins
  3 jackals (D:1)
  4 kobolds
  2 quokkas (D:2)
  2 giant newts (D:1)
  2 rats (D:1)
39 creatures vanquished.

Notes
Turn   | Place    | Note
--------------------------------------------------------------
     0 | D:1      | karlkraus the Minotaur Fighter began the quest for the Orb.
     0 | D:1      | Reached XP level 1. HP: 19/19 MP: 0/0
   116 | D:1      | Reached XP level 2. HP: 18/27 MP: 1/1
   193 | D:1      | Reached skill level 4 in Fighting
   502 | D:2      | Noticed Robin
   508 | D:2      | Reached XP level 3. HP: 20/33 MP: 2/2
   742 | D:2      | Reached skill level 1 in Dodging
   752 | D:2      | Killed Robin
   851 | D:2      | Found a snail-covered altar of Cheibriados.
   855 | D:2      | Slain by a gnoll

Vault maps used:
D:1:      lightli_arrival_statue_moat
D:2:      cheibriados_altar_wand_db, uniq_robin

Action                   || total
-------------------------++-------
Melee: Flail             ||    94
